 Dungeon Crawl Stone Soup version 0.30.1-4-g462c640d31 (webtiles) character file.

Game seed: 3815988803166202139

6320 Kurtz the Cleaver (level 10, -1/67 HPs)
             Began as a Tengu Fighter on Sept 18, 2023.
             Was an Initiate of Gozag.
             Slain by a seven-headed hydra (11 damage)
             ... on level 9 of the Dungeon.
             The game lasted 00:10:51 (8160 turns).

Kurtz the Cleaver (Tengu Fighter)                   Turns: 8160, Time: 00:10:51

Health: -1/67      AC: 14    Str: 18    XL:     10   Next: 95%
Magic:  11/11      EV: 15    Int: 12    God:    Gozag
Gold:   875        SH:  5    Dex: 16    Spells: 9/9 levels left

rFire   + + .        E - +2 trident of Eternal Harmony {heavy, +Blink Int+3 Stlth+}
rCold   + . .        c - +0 buckler
rNeg    . . .        F - +2 ring mail {rF+}
rPois   .            C - +2 hat
rElec   .            D - scarf {rC+ rF+}
rCorr   .            w - +0 pair of gloves
SInv    +            (boots unavailable)
Will    .....        l - amulet of the acrobat
Stlth   ++           h - ring of see invisible
HPRegen 0.31/turn    m - +4 ring of protection
MPRegen 0.12/turn

%: acrobat
@: gold aura, flying quickly and evasively, studying Polearms, quick
A: beak, talons 3, nimble flight
a: Renounce Religion, Evoke Blink, Potion Petition, Call Merchant, Bribe Branch


You were on level 9 of the Dungeon.
You worshipped Gozag.
Gozag was pleased with you.
You visited 1 branch of the dungeon, and saw 9 of its levels.

You collected 1228 gold pieces.
You spent 285 gold pieces at shops.
You paid 68 gold pieces to Gozag.

Inventory:

Hand Weapons
 a - a +0 war axe
 x - a +2 dire flail of draining
 E - the +2 trident of Eternal Harmony (weapon) {heavy, +Blink Int+3 Stlth+}
   (You found it on level 5 of the Dungeon)

   Int:       It affects your intelligence (+3).
   +Blink:    It lets you blink.
   Stlth:     It makes you more stealthy.
Missiles
 n - a throwing net (quivered)
 O - 2 atropa-tipped darts
Armour
 c - a +0 buckler (worn)
 f - a +0 plate armour of cold resistance
 q - a +0 chain mail
 w - a +0 pair of gloves (worn)
 C - a +2 hat (worn)
 D - a scarf of resistance (worn)
 F - a +2 ring mail of fire resistance (worn)
Jewellery
 h - a ring of see invisible (left hand)
 i - an amulet of faith
 l - an amulet of the acrobat (around neck)
 m - a +4 ring of protection (right hand)
Wands
 b - a wand of flame (16)
 H - a wand of digging (6)
 L - a wand of roots (7)
 M - a wand of charming (6)
Scrolls
 d - 2 scrolls of identify
 e - 2 scrolls of fear
 j - 5 scrolls of enchant armour
 r - 2 scrolls of brand weapon {unknown}
 t - a scroll of magic mapping
 u - 2 scrolls of immolation
 y - a scroll of teleportation
 A - a scroll of fog {unknown}
 B - 3 scrolls of noise {unknown}
 G - 2 scrolls of amnesia {unknown}
 I - a scroll of enchant weapon {unknown}
Potions
 g - 6 potions of curing
 k - 2 potions of brilliance
 o - 3 potions of heal wounds
 p - 2 potions of attraction
 s - 4 potions of flight
 v - 2 potions of mutation {unknown}
 z - 2 potions of haste
 J - a potion of lignification {unknown}
 K - a potion of might
 N - a potion of degeneration {unknown}


   Skills:
 * Level 9.7 Fighting
 * Level 13.3 Axes
 - Level 3.2 Armour
 * Level 5.9 Dodging
 - Level 3.0 Shields


You had 9 spell levels left.
You didn't know any spells.
Your spell library contained the following spells:

 Spells                   Type           Power      Damage    Failure   Level
 Magic Dart               Conj           0%         1d3       58%         1
 Necrotise                Necr           0%         1d4       58%         1
 Shock                    Conj/Air       0%         1d3       58%         1
 Lesser Beckoning         Tloc           0%         N/A       73%         2
 Searing Ray              Conj           0%         2d4       73%         2
 Dazzling Flash           Conj/Hex       0%         N/A       91%         3
 Gell's Gravitas          Tloc           0%         N/A       91%         3
 Swiftness                Air            0%         N/A       91%         3
 Teleport Other           Tloc           0%         N/A       91%         3
 Vampiric Draining        Necr           0%         2d6       91%         3
 Volatile Blastmotes      Fire/Tloc      0%         2d10      91%         3
 Airstrike                Air            0%         2d(0-16)  100%        4
 Fulminant Prism          Conj/Hex       0%         3d5       100%        4
 Iskenderun's Mystic Bla  Conj/Tloc      0%         2d3       100%        4
 Agony                    Necr           0%         N/A       100%        5
 Starburst                Conj/Fire      0%         6d3       100%        6


Dungeon Overview and Level Annotations

Branches:
Dungeon (9/15)             Temple (0/1) D:6             Orc (0/2) D:9
   Lair: D:8-11

Altars:
Dithmenos
Elyvilon
Fedhas
Gozag
Hepliaklqana
Kikubaaqudgha
Qazlal
Sif Muna
Trog
Wu Jian
Xom

Shops:
D:3 [((   D:5 [


Innate Abilities, Weirdness & Mutations

You have a beak for a mouth.
You have claws for feet.
Your magical nature lets you fly swiftly and evasively.


Message History

Unknown command.
You impale the centaur warrior!!
You kill the centaur warrior!
The seven-headed hydra barely misses you. x2
The seven-headed hydra bites you but does no damage.
You block the seven-headed hydra's attack.
The seven-headed hydra bites you but does no damage.
The seven-headed hydra bites you. The seven-headed hydra misses you.
A bullfrog comes into view.
The bullfrog gives a loud, deep croak!
You puncture the bullfrog!
The bullfrog is moderately wounded.
The bullfrog hits you. x2
You miss the bullfrog. Your kick misses the bullfrog.
The bullfrog is moderately wounded.
The bullfrog hits you but does no damage.
The bullfrog misses you.
You puncture the bullfrog! Your kick misses the bullfrog.
The bullfrog is almost dead.
The bullfrog closely misses you. x2
You block the seven-headed hydra's attack.
The seven-headed hydra bites you!
* * * LOW HITPOINT WARNING * * *
The seven-headed hydra bites you but does no damage.
The seven-headed hydra completely misses you.
The seven-headed hydra bites you.
* * * LOW HITPOINT WARNING * * *
The seven-headed hydra bites you but does no damage.
The seven-headed hydra closely misses you.
The bullfrog misses you.
You impale the bullfrog!!
You kill the bullfrog!
The seven-headed hydra bites you.
* * * LOW HITPOINT WARNING * * *
You block the seven-headed hydra's attack.
The seven-headed hydra misses you.
You block the seven-headed hydra's attack.
The seven-headed hydra bites you!
You die...
Your body crumbles into a pile of gold.

...♣# ♣. ♣♣.♣♣#.# ♣.♣## ##♣.♣##.#
....# #.♣.♣.#.# ♣♣♣.# $ #♣.♣.♣#.#
♣D# #.♣.♣.#.# ♣♣♣.# #♣.♣.♣#.#####
....# #.♣.♣.#.##...
#.################ ####.###......
...............D@###.............
......##########.$..........#.###
####### ##############..##
######.## #.......# #........
#......## #......## #########


You could see a seven-headed hydra.

Vanquished Creatures
  A centaur warrior (D:9)
  Pikel (D:6)
  A troll (D:9)
  A wyvern (D:9)
  Eustachio (D:4)
  A shadow (D:9)
  A vampire (D:9)
  9 yaks
  Menkaure (D:4)
  2 acid dragons (D:9)
  Edmund (D:4)
  2 water moccasins
  3 orc warriors
  2 black bears
  An ice beast (D:7)
  An ogre (D:5)
  2 centaurs
  A phantom (D:6)
  A kobold brigand (D:9)
  5 bullfrogs
  3 scorpions
  6 howler monkeys
  5 hounds
  3 orc priests
  A gnoll bouda (D:9)
  8 iguanas
  A sleepcap (D:3)
  Natasha (thrice) (D:3)
  6 orc wizards
  3 gnolls (D:9)
  5 adders
  A shadow imp (D:6)
  2 white imps (D:7)
  An ufetubus (D:5)
  A worm (D:2)
  22 orcs
  8 ball pythons
  7 bats
  6 endoplasms
  2 giant cockroaches (D:4)
  14 goblins
  9 hobgoblins
  9 kobolds
  3 quokkas
  4 frilled lizards
  5 rats
176 creatures vanquished.

Notes
Turn   | Place    | Note
-------+----------+-------------------------------------------
     0 | D:1      | Kurtz the Tengu Fighter began the quest for the Orb.
     0 | D:1      | Reached XP level 1. HP: 14/14 MP: 2/2
    75 | D:1      | Found a faded altar of an unknown god.
   136 | D:1      | Reached XP level 2. HP: 15/19 MP: 3/3
   526 | D:1      | Reached skill level 3 in Axes
   526 | D:1      | Reached XP level 3. HP: 18/23 MP: 4/4
  1591 | D:2      | Reached XP level 4. HP: 29/29 MP: 5/5
  1850 | D:3      | Found Faijomad's Antique Weapon Emporium.
  1912 | D:3      | Found a white marble altar of Elyvilon.
  1955 | D:3      | Found Fysecom's Antique Armour Emporium.
  2013 | D:3      | Reached skill level 4 in Axes
  2092 | D:3      | Noticed an orc warrior
  2115 | D:3      | Killed an orc warrior
  2116 | D:3      | Reached skill level 5 in Axes
  2116 | D:3      | Gained mutation: Your magical nature lets you fly swiftly
                  | and evasively. [Tengu growth]
  2116 | D:3      | Reached XP level 5. HP: 34/34 MP: 6/6
  2142 | D:3      | Found a shimmering altar of Xom.
  2252 | D:3      | Found Guwock's Antique Weapon Shop.
  2348 | D:3      | Found an ancient bone altar of Kikubaaqudgha.
  2408 | D:3      | Reached XP level 6. HP: 39/39 MP: 7/7
  2487 | D:4      | Noticed Eustachio
  2546 | D:4      | Noticed Natasha
  2555 | D:3      | Killed Natasha
  2556 | D:3      | Reached skill level 6 in Axes
  2596 | D:4      | Noticed Menkaure
  2605 | D:4      | Killed Menkaure
  2734 | D:4      | Reached XP level 7. HP: 32/44 MP: 8/8
  2802 | D:4      | Reached skill level 7 in Axes
  2865 | D:4      | Found an opulent altar of Gozag.
  2865 | D:4      | Found an ornate altar of the Wu Jian Council.
  2887 | D:4      | Became a worshipper of Gozag Ym Sagoz the Greedy
  2901 | D:4      | Killed Eustachio
  2902 | D:4      | Reached skill level 5 in Fighting
  3007 | D:4      | Noticed Edmund
  3021 | D:4      | Killed Edmund
  3022 | D:4      | Reached skill level 8 in Axes
  3132 | D:4      | Reached XP level 8. HP: 44/47 MP: 9/9
  3369 | D:5      | Entered Level 5 of the Dungeon
  3381 | D:5      | Found a stormy altar of Qazlal.
  3445 | D:5      | Found a shimmering blue altar of Sif Muna.
  3558 | D:5      | Reached skill level 9 in Axes
  3661 | D:5      | Found a hazy altar of Hepliaklqana.
  3858 | D:5      | Found Otaplut's Antique Armour Emporium.
  3863 | D:5      | Bought a runed hat for 133 gold pieces
  3863 | D:5      | Bought a runed scarf for 152 gold pieces
  3875 | D:5      | Noticed a yak
  3875 | D:5      | Noticed a yak
  3875 | D:5      | Noticed a yak
  3887 | D:5      | Killed a yak
  4030 | D:5      | Killed a yak
  4031 | D:5      | Reached skill level 10 in Axes
  4041 | D:5      | Killed a yak
  4124 | D:5      | Reached XP level 9. HP: 56/56 MP: 10/10
  4211 | D:5      | Identified the +2 trident of Eternal Harmony {heavy, +Blink
                  | Int+3 Stlth+}
  4537 | D:6      | Reached skill level 11 in Axes
  4626 | D:6      | Found a staircase to the Ecumenical Temple.
  4664 | D:6      | Reached skill level 1 in Dodging
  4728 | D:6      | Found a blossoming altar of Fedhas.
  5339 | D:7      | Noticed Pikel
  5351 | D:6      | Killed Pikel
  5352 | D:6      | Reached skill level 12 in Axes
  6174 | D:3      | Noticed Natasha
  6186 | D:3      | Killed Natasha
  6260 | D:3      | Noticed Natasha
  6266 | D:3      | Killed Natasha
  6574 | D:8      | Found a bloodstained altar of Trog.
  6600 | D:8      | Reached XP level 10. HP: 62/64 MP: 11/11
  6968 | D:7      | Reached skill level 13 in Axes
  7283 | D:9      | Found a shadowy altar of Dithmenos.
  7377 | D:9      | Found a staircase to the Orcish Mines.
  7985 | D:9      | Reached skill level 5 in Dodging
  8119 | D:9      | Noticed a centaur warrior
  8121 | D:9      | Noticed a seven-headed hydra
  8122 | D:9      | Noticed a deep elf pyromancer
  8127 | D:9      | Killed a centaur warrior
  8160 | D:9      | Slain by a seven-headed hydra

Illustrated notes

Levels and vault maps discovered:
D:1:      dpeg_arrival_brainrot, layout_basic, chequers_ecumenical_altar_simple,
          kennysheep_small_spiral, minmay_misc_feat_doors
D:2:      layout_loops_corners
D:3:      layout_rooms, mainiacjoe_overflow_alcove_2,
          mainiacjoe_overflow_six_doors_small, mainiacjoe_overflow_24_doors,
          serial_shops, shop, nicolae_shop_overgrown_old_shop,
          nicolae_shop_hallway_stairs
D:4:      minmay_skewed_foursquare, layout_gridville,
          chequers_temple_overflow_statue_of_worship, minmay_misc_feat_pillars,
          minivault_26, uniq_eustachio, uniq_edmund, uniq_natasha, uniq_menkaure
D:5:      layout_loops_ring, kennysheep_orc_sif_temple, lemuel_tele_altar,
          mainiacjoe_overflow_tiny_flanked, serial_shops,
          nicolae_shop_hallway_plus
D:6:      layout_loops_ring, kennysheep_little_box,
          minmay_temple_entry_metal_lava, grunt_ministairs_11
D:7:      layout_loops_ring, uniq_pikel
D:8:      layout_loops_cross, lemuel_crystal_altar
D:9:      nzn_winding_woodlands_large [nzn_winding_woodlands_5x5_perimeter,
          nzn_winding_woodlands_5x15_zeroes,
          nzn_winding_woodlands_5x5_closed_star,
          nzn_winding_woodlands_center_diamonds,
          nzn_winding_woodlands_15x15_killbox,
          nzn_winding_woodlands_center_lodge,
          nzn_winding_woodlands_5x5_checkerboard,
          nzn_winding_woodlands_5x15_twine,
          nzn_winding_woodlands_5x5_open_star], layout_basic,
          overflow_temple_1_default, lair_entry_dummy

Skill      XL: |  1  2  3  4  5  6  7  8  9 10 |
---------------+-------------------------------+-----
Axes           | 3 5 6 8 10 12 13 | 13.3
Fighting       | 4 5 6 7 9 |  9.7
Dodging        | 2 5 |  5.9
Armour         | |  3.2
Shields        | |  3.0

Action                     |  1- 3 |  4- 6 |  7- 9 | 10-12 || total
---------------------------+-------+-------+-------+-------++-------
  Melee: War axe           |    94 |    74 |   133 |       ||   301
         Kick              |    15 |    20 |    70 |    35 ||   140
         Peck              |     5 |     9 |    46 |    25 ||    85
         Trident           |       |       |   101 |   118 ||   219
  Throw: Throwing net      |       |     1 |       |       ||     1
    Use: Potion            |       |     1 |       |       ||     1
         Scroll            |       |       |    10 |       ||    10
   Stab: Sleeping          |       |       |     3 |     1 ||     4
         Distracted        |       |       |       |     1 ||     1
 Armour: Scale mail        |    40 |     8 |       |       ||    48
         Chain mail        |       |     4 |       |       ||     4
         Plate armour      |       |    28 |    58 |       ||    86
         Ring mail         |       |       |    41 |    45 ||    86
  Dodge: Dodged            |    40 |    28 |   101 |    91 ||   260
  Block: Buckler           |    23 |    17 |    48 |    26 ||   114
